 Dungeon Crawl Stone Soup version 0.30.1 (webtiles) character file.

Game seed: 4068323429228653985

168620 croobank the Demonic Catastrophe (level 17, -1/133 HPs)
             Began as a Demonspawn Conjurer on July 2, 2023.
             Was an Elder of Qazlal.
             Slain by a salamander
             ... wielding a +0 spear
              (3 damage)
             ... on level 3 of the Snake Pit.
             The game lasted 03:02:22 (39155 turns).

croobank the Demonic Catastrophe (DsCj)            Turns: 39155, Time: 03:02:23

Health: -1/133     AC:  9    Str: 14    XL:     17   Next: 33%
Magic:  11/32      EV: 16    Int: 44    God:    Qazlal [****..]
Gold:   1495       SH:  5    Dex: 12    Spells: 1/38 levels left

rFire   + + .        B - +7 eveningstar (spect)
rCold   . . .        q - orb of the Singing Emperors {mayhem, rElec rPois}
rNeg    . . .        m - +2 robe "Jufelod" {Fly Int+5 SInv}
rPois   +            p - +1 hat {Stlth+}
rElec   +            o - +2 cloak
rCorr   .            (gloves unavailable)
SInv    +            x - +0 pair of boots "Keq Jeoh" {rElec Int+3}
Will    ++...        K - amulet of regeneration
Stlth   ++           t - ring "Vanuddy" {rF+ Will+}
HPRegen 1.22/turn    R - ring "Nemyol" {rElec rF+ Str+5 Int+6}
MPRegen 0.23/turn

%: mayhem, repel missiles
@: flying, invisible
A: claws 3, demonic guardian 1, big brain 2, demonic magic 2, corrupting
presence 1
a: Renounce Religion, Upheaval, Elemental Force


You were on level 3 of the Snake Pit.
You worshipped Qazlal.
Qazlal was greatly pleased with you.
You visited 5 branches of the dungeon, and saw 26 of its levels.
You also visited: Bailey and Ice Cave.

You collected 3225 gold pieces.
You spent 1730 gold pieces at shops.

Inventory:

Hand Weapons
 B - a +7 spectral eveningstar (weapon)
 D - a +1 hand axe of flaming
Missiles
 s - 6 atropa-tipped darts
 G - 5 throwing nets
 J - 14 boomerangs of dispersal
 L - 3 silver boomerangs
Armour
 m - the +2 robe "Jufelod" (worn) {Fly Int+5 SInv}
   (You found it on level 4 of the Dungeon)

   Int:       It affects your intelligence (+5).
   SInv:      It lets you see invisible.
   Fly:       It grants you flight.
 o - a +2 cloak (worn)
 p - a +1 hat of stealth (worn)
 q - the orb of the Singing Emperors (worn) {mayhem, rElec rPois}
   (You took it off a goblin on level 4 of the Dungeon)

   rElec:     It insulates you from electricity.
   rPois:     It protects you from poison.
 x - the +0 pair of boots "Keq Jeoh" (worn) {rElec Int+3}
   (You acquired it on level 8 of the Dungeon)

   Int:       It affects your intelligence (+3).
   rElec:     It insulates you from electricity.
Magical Staves
 d - a staff of conjuration
Jewellery
 b - a ring of magical power
 t - the ring "Vanuddy" (left claw) {rF+ Will+}
   (You bought it in a shop on level 2 of the Orcish Mines)

   [ring of protection from fire]

   rF:        It protects you from fire.
   Will:      It increases your willpower.
 K - an amulet of regeneration (around neck)
 O - a +6 ring of dexterity
 R - the ring "Nemyol" (right claw) {rElec rF+ Str+5 Int+6}
   (You found it on level 13 of the Dungeon)

   [ring of intelligence]

   Str:       It affects your strength (+5).
   Int:       It affects your intelligence (+6).
   rF:        It protects you from fire.
   rElec:     It insulates you from electricity.
Wands
 h - a wand of roots (9)
 j - a wand of acid (22)
 n - a wand of mindburst (13)
 H - a wand of charming (12)
 Q - a wand of flame (9)
Scrolls
 c - 8 scrolls of teleportation
 e - 8 scrolls of identify
 w - a scroll of fog
 A - 5 scrolls of amnesia
 C - a scroll of immolation
 E - 3 scrolls of poison
 N - 5 scrolls of vulnerability
 P - 4 scrolls of magic mapping
 V - 6 scrolls of blinking
 W - 4 scrolls of fear
Potions
 a - a potion of flight
 f - 9 potions of curing
 i - 2 potions of resistance
 k - 4 potions of heal wounds
 l - 4 potions of lignification
 u - 5 potions of attraction
 v - a potion of invisibility
 y - 3 potions of ambrosia
 z - 3 potions of brilliance
 U - 4 potions of haste
 Z - 3 potions of might
Miscellaneous
 g - a lightning rod (4/4)
 r - a phantom mirror (inert)
 Y - a box of beasts


   Skills:
 + Level 12.0 Fighting
 - Level 5.0(6.7) Axes
 * Level 7.0(7.7) Maces & Flails
 - Level 1.6 Armour
 - Level 10.2 Dodging
 - Level 3.0 Stealth
 + Level 11.4 Spellcasting
 - Level 11.6 Conjurations
 - Level 5.0 Hexes
 + Level 10.3 Summonings
 - Level 5.0 Translocations
 - Level 5.0 Transmutations
 - Level 3.0 Fire Magic
 - Level 6.4 Air Magic
 + Level 13.5 Invocations


You had one spell level left.
You knew the following spells:

 Your Spells              Type           Power      Damage    Failure   Level
a - Magic Dart            Conj           100%       1d8       0%          1
b - Searing Ray           Conj           100%       2d8       0%          2
c - Dazzling Flash        Conj/Hex       100%       N/A       1%          3
d - Iskenderun's Mystic   Conj/Tloc      78%        2d16      1%          4
e - Fulminant Prism       Conj/Hex       39%        3d17      1%          4
f - Inner Flame           Hex/Fire       57%        N/A       1%          3
g - Arcjolt               Conj/Air       40%        1d50      1%          5
h - Yara's Violent Unrav  Hex/Tmut       31%        3d13      4%          5
i - Summon Forest         Summ/Tloc      37%        N/A       1%          5
j - Summon Mana Viper     Hex/Summ       75%        N/A       1%          5

Your spell library contained the following spells:

 Spells                   Type           Power      Damage    Failure   Level
 Beastly Appendage        Tmut           100%       N/A       1%          1
 Sting                    Tmut/Pois      100%       1d8       1%          1
 Cigotuvi's Dreadful Rot  Necr/Pois/Air  88%        N/A       1%          2
 Ensorcelled Hibernation  Hex/Ice        94%        N/A       1%          2
 Lesser Beckoning         Tloc           100%       N/A       1%          2
 Passwall                 Tmut/Erth      39%        N/A       1%          2
 Poisonous Vapours        Pois/Air       100%       N/A       1%          2
 Wereblood                Tmut           62%        N/A       1%          2
 Gell's Gravitas          Tloc           62%        N/A       1%          3
 Spider Form              Tmut/Pois      47%        N/A       1%          3
 Swiftness                Air            70%        N/A       1%          3
 Teleport Other           Tloc           62%        N/A       1%          3
 Vhi's Electric Charge    Tloc/Air       100%       N/A       1%          3
 Passage of Golubria      Tloc           62%        N/A       1%          4
 Summon Cactus Giant      Summ           43%        N/A       2%          6
 Silence                  Hex/Air        33%        N/A       3%          5
 Conjure Ball Lightning   Conj/Air       40%        3x3d13    4%          6
 Animate Dead             Necr           25%        N/A       12%         4
 Dispel Undead            Necr           25%        3d12      12%         4
 Olgreb's Toxic Radiance  Pois           25%        N/A       12%         4
 Agony                    Necr           25%        N/A       32%         5
 Haunt                    Necr/Summ      31%        N/A       75%         7
 Enfeeble                 Hex            31%        N/A       77%         7
 Death Channel            Necr           12%        N/A       87%         6
 Maxwell's Capacitive Co  Air            35%        ∞         99%         8
 Discord                  Hex            31%        N/A       100%        8
 Disjunction              Tloc           31%        N/A       100%        8
 Infestation              Necr           12%        N/A       100%        8
 Lehudib's Crystal Spear  Conj/Erth      33%        10d8      100%        8


Dungeon Overview and Level Annotations

Branches:
Dungeon (15/15)            Temple (0/1) D:7            Lair (5/5) D:8
  Swamp (0/4) Lair:2        Snake (3/4) Lair:2        Slime (0/5) Lair:5
    Orc (2/2) D:9             Elf (1/3) Orc:2        Vaults (0/5) D:13
 Depths (0/4) D:15         Bailey (visited)           IceCv (visited)

Altars:
Dithmenos
Gozag
Hepliaklqana
Kikubaaqudgha
Qazlal
Vehumet
Jiyva

Shops:
D:9 ([   Orc:2 :=[?   Elf:1 !

Portals:
Abyss: D:15

Annotations:
D:15 2 transporters, Sabo's ghost, journeyman GrMo


Innate Abilities, Weirdness & Mutations

You have claws for hands.
A weak demonic guardian rushes to your aid.
You have an extremely huge brain. (Int +4)
Spells you cast may paralyse nearby enemies.
Your presence sometimes corrodes those you injure.


Message History

Your earth elemental disappears in a puff of smoke!
The blast of magma engulfs the naga sharpshooter!!
The naga sharpshooter partially resists.
The naga sharpshooter dies!
You hear a sizzling sound!
The blast of magma engulfs you!! You partially resist.
* * * LOW HITPOINT WARNING * * *
You hear a shout!
Your Fighting skill increases to level 12!
Your Maces & Flails skill increases to level 7!
You feel much better.
Your earth elemental disappears in a puff of smoke!
The salamander tyrant calls gouts of flame from the lava!
The flame surge hits you! You resist.
You fade into invisibility!
Space becomes stable.
The salamander is no longer paralysed.
The salamander completely misses you.
A salamander comes into view. It is wielding a +0 trident.
You hear a shout!
The salamander hits you with a +0 glaive!
You are engulfed in flames.
You resist.
* * * LOW HITPOINT WARNING * * *
Items here: )) [ †.
You closely miss the salamander.
The salamander is lightly wounded.
Your +7 spectral eveningstar hits the salamander but does no damage.
The salamander hits you with a +0 glaive!
* * * LOW HITPOINT WARNING * * *
You are engulfed in flames.
You resist.
* * * LOW HITPOINT WARNING * * *
You closely miss the salamander.
The salamander is lightly wounded.
Your +7 spectral eveningstar hits the salamander!
The salamander hits you with a +0 glaive.
* * * LOW HITPOINT WARNING * * *
A demonic guardian appears!
You are engulfed in flames.
You resist.
* * * LOW HITPOINT WARNING * * *
The salamander hits you from afar with a +0 spear!!
* * * LOW HITPOINT WARNING * * *
You are engulfed in flames.
You resist.
You die...

#.
♣..~~≈≈~##.#..##
.## #.
##.~~≈≈~♣#.##[.#
#.###.E.).~.#.#
.#..
♣..#..†.w.♣..♣
....
.##))..######.#
.
♣N)§..NN....#.#
#♣♣#♣##.N°..# .
♣♣#.### # ##@#
......(N#
######4.# .#..
..... ####..$
##.. ...


You could see a salamander tyrant (unable to see you), 3 salamanders, a friendly
ice devil (summoned) and a friendly +7 spectral eveningstar.

Vanquished Creatures
  An azure jelly (Lair:5)
  A nagaraja (Snake:2)
  A deep elf sorcerer (Elf:1)
  3 quicksilver oozes (IceCv)
  A minotaur (Lair:3)
  An ettin (Orc:1)
  Harold (Lair:2)
  5 hydras
  2 ogre magi (Orc:2)
  A rakshasa (D:15)
  4 boulder beetles
  2 anacondas
  4 centaur warriors
  3 death yaks (Lair:2)
  5 dancing weapons (Elf:1)
  3 two-headed ogres
  A tengu warrior (D:13)
  A naga sharpshooter (Snake:3)
  2 shock serpents
  Urug (Lair:2)
  2 naga warriors
  Sonja (Lair:3)
  A deep elf knight (Elf:1)
  2 skysharks (Lair:5)
  3 skeletal warriors (D:13)
  A glowing orange brain (D:15)
  A deep elf archer (Elf:1)
  A naga ritualist (Snake:1)
  2 orc knights
  10 deep elf pyromancers
  Pikel (D:6)
  6 deep elf zephyrmancers (Elf:1)
  2 salamanders (Snake:1)
  5 ugly things
  A manticore (D:13)
  9 orc sorcerers
  6 elephants
  An oklob plant (Lair:2)
  5 cyclopes
  3 mana vipers (Snake:1)
  12 black mambas
  A water nymph (shapeshifter) (D:15)
  10 naga magi
  16 cane toads
  A gargoyle (D:13)
  A guardian serpent (Snake:1)
  3 komodo dragons
  An unseen horror (D:11)
  A komodo dragon (shapeshifter) (D:14)
  3 kobold demonologists
  8 trolls
  2 freezing wraiths (D:15)
  3 meliai (D:14)
  5 polar bears
  A tyrant leech (Lair:5)
  A tarantella (shapeshifter) (Elf:1)
  27 blink frogs
  7 slime creatures
  5 dream sheep
  A shadow (D:13)
  2 centaur simulacra
  An air elemental (Elf:1)
  A spriggan (Lair:2)
  A water elemental (Elf:1)
  5 wyverns
  A wraith (D:9)
  15 yaks
  A vampire (D:9)
  2 fire elementals (Elf:1)
  2 basilisks
  4 fire bats (D:9)
  A basilisk (shapeshifter) (D:13)
  2 steam dragons
  13 vampire mosquitoes
  6 wargs
  The ghost of Handcuff the Chiller, an amateur OpIE of Zin (D:5)
  An acid dragon (D:12)
  20 nagas
  2 water moccasins
  A hell hound (D:9)
  9 orc warriors
  The ghost of GloriousHammer the Trooper, an amateur OgWr (D:3)
  2 ice beasts
  4 great orb of eyes simulacra (IceCv)
  3 black bears
  2 sky beasts
  6 centaurs
  9 wolves
  7 ogres
  4 boggarts (D:15)
  A lemure (D:6)
  2 phantoms
  3 kobold brigands
  12 bullfrogs
  A gnoll sergeant (D:9)
  4 scorpions
  13 wights
  3 glowing shapeshifter simulacra (IceCv)
  5 killer bees (D:10)
  4 electric eels
  2 howler monkeys (D:11)
  3 lava snakes
  3 hounds
  10 jellies
  3 gnoll boudas
  18 orc priests
  An iguana (D:7)
  A sleepcap (D:5)
  27 orc wizards
  20 gnolls
  13 adders
  A shadow imp (D:7)
  2 white imps (D:7)
  3 worms
  3 dart slugs
  52 orcs
  7 ball pythons
  8 endoplasms
  7 giant cockroaches
  5 goblins
  5 hobgoblins
  2 jackals (D:1)
  3 quokkas
  4 bats
  5 frilled lizards
  10 kobolds
  7 rats
  3 fire vortices (D:9)
  A fulminant prism (Lair:5)
  6 snaplasher vines
627 creatures vanquished.

Vanquished Creatures (collateral kills)
  Jorgrun (Elf:1)
  A nagaraja (Snake:2)
  The ghost of salammoniac the Fighter, a journeyman DsEE of Vehumet (Snake:1)
  2 very ugly things (D:15)
  A deep elf annihilator (Elf:1)
  The ghost of DemonSlayer the Thaumaturge, a journeyman DsEE of Dithmenos (Lair:3)
  An anaconda (Snake:3)
  2 two-headed ogres
  A deep troll earth mage (D:13)
  A dancing weapon (Elf:1)
  5 naga warriors
  Nergalle (D:10)
  A deep elf knight (Elf:1)
  2 skeletal warriors (D:13)
  A naga ritualist (Snake:3)
  A deep elf archer (Elf:1)
  6 deep elf pyromancers
  2 necromancers (D:13)
  An orc knight (Bailey)
  4 deep elf zephyrmancers (Elf:1)
  3 mana vipers
  A manticore (D:12)
  2 cyclopes
  4 ugly things (D:15)
  4 elephants
  2 salamanders (Snake:3)
  An elephant (shapeshifter) (D:15)
  A black mamba (Snake:2)
  A guardian serpent (Snake:3)
  4 naga magi
  An efreet (D:15)
  A troll (D:13)
  A blink frog (Lair:5)
  2 dream sheep
  An air elemental (Elf:1)
  2 water elementals (Elf:1)
  A shadow (D:9)
  4 yaks
  A vampire mosquito (Lair:5)
  10 nagas
  A water moccasin (D:8)
  2 great orb of eyes simulacra (IceCv)
  A sky beast (D:8)
  2 orc warriors
  An ogre (Orc:2)
  A wolf (Lair:1)
  3 slime creature simulacra (IceCv)
  3 orc priests
  An orc wizard (Orc:1)
  6 gnolls
  15 orcs
  An endoplasm (Lair:5)
  2 spectral weapons
122 creatures vanquished.

Vanquished Creatures (others)
  A naga sharpshooter (Snake:3)
  A deep elf zephyrmancer (Elf:1)
  An orc sorcerer (Orc:2)
  A torpor snail (Lair:5)
  A yak (D:11)
  An orc warrior (Bailey)
  2 orc wizards
  A gnoll (D:8)
  2 orcs (D:10)
  An endoplasm (Lair:5)
  2 kobolds
  35 fulminant prisms
  6 snaplasher vines
55 creatures vanquished.

Grand Total: 804 creatures vanquished

Notes
Turn   | Place    | Note
-------+----------+-------------------------------------------
     0 | D:1      | croobank the Demonspawn Conjurer began the quest for the
                  | Orb.
     0 | D:1      | Reached XP level 1. HP: 13/13 MP: 3/3
   160 | D:1      | Gained mutation: Spells you cast may paralyse adjacent
                  | enemies. [demonic ancestry]
   160 | D:1      | Reached XP level 2. HP: 19/19 MP: 3/5
   163 | D:1      | Learned a level 2 spell: Searing Ray
   836 | D:1      | Reached XP level 3. HP: 24/24 MP: 3/6
   840 | D:1      | Learned a level 3 spell: Dazzling Flash
  1300 | D:2      | Found a stormy altar of Qazlal.
  1329 | D:2      | Became a worshipper of Qazlal Stormbringer
  1363 | D:2      | Reached XP level 4. HP: 23/30 MP: 3/8
  1981 | D:2      | Gained mutation: You have sharp fingernails. [demonic
                  | ancestry]
  1981 | D:2      | Reached XP level 5. HP: 15/35 MP: 0/9
  2557 | D:2      | You fall into a shaft and drop 2 floors!
  2604 | D:3      | Reached * piety under Qazlal
  2717 | D:3      | Found a large runed translucent door.
  2717 | D:3      | Found a large runed translucent door.
  2729 | D:3      | Identified the +6 war axe "Wihosoun" {vamp, Drain rElec rF+
                  | Stlth+}
  3183 | D:3      | Noticed GloriousHammer's ghost (amateur OgWr)
  3369 | D:3      | Learned a level 4 spell: Iskenderun's Mystic Blast
  3449 | D:4      | Reached skill level 1 in Fighting
  3508 | D:4      | Reached skill level 1 in Armour
  3563 | D:4      | Identified the +2 robe "Jufelod" {Fly Int+5 SInv}
  3650 | D:4      | Reached XP level 6. HP: 44/44 MP: 7/10
  3781 | D:4      | Identified the orb of the Singing Emperors {mayhem, rElec
                  | rPois}
  4293 | D:4      | Reached skill level 1 in Hexes
  4454 | D:5      | Entered Level 5 of the Dungeon
  4482 | D:5      | Noticed an ice beast
  4538 | D:5      | Killed an ice beast
  4539 | D:5      | Reached skill level 5 in Conjurations
  4573 | D:5      | Gained mutation: You have very sharp fingernails. [demonic
                  | ancestry]
  4573 | D:5      | Reached XP level 7. HP: 39/51 MP: 1/12
  4700 | D:5      | Noticed Handcuff's ghost (amateur OpIE)
  4703 | D:5      | Found a runed translucent door.
  5240 | D:5      | Found a hazy altar of Hepliaklqana.
  6217 | D:6      | Reached ** piety under Qazlal
  6618 | D:6      | Reached XP level 8. HP: 58/58 MP: 5/14
  7020 | D:6      | Noticed Pikel
  7035 | D:6      | Killed Pikel
  7502 | D:7      | Found a staircase to the Ecumenical Temple.
  7730 | D:7      | Reached skill level 5 in Spellcasting
  7829 | D:7      | Reached skill level 5 in Dodging
  8152 | D:7      | Gained mutation: You have an unusually large brain. (Int
                  | +2) [demonic ancestry]
  8152 | D:7      | Reached XP level 9. HP: 61/67 MP: 10/16
  8579 | D:8      | Found an opulent altar of Gozag.
  8590 | D:8      | Reached skill level 5 in Fighting
  8635 | D:8      | Found a staircase to the Lair.
  8672 | D:8      | Reached skill level 5 in Hexes
  8821 | D:8      | Identified a scroll of acquirement
  8821 | D:8      | Acquired the +0 pair of boots "Keq Jeoh" {rElec Int+3}
  8951 | D:8      | Identified the +7 chain mail of the Constellations {rElec
                  | rF- Will+ Dex+4}
  9235 | D:8      | Reached *** piety under Qazlal
 10132 | D:9      | Noticed a troll
 10147 | D:9      | Killed a troll
 10148 | D:9      | Gained mutation: A weak demonic guardian rushes to your
                  | aid. [demonic ancestry]
 10148 | D:9      | Reached XP level 10. HP: 23/76 MP: 7/19
 10558 | D:9      | Noticed a two-headed ogre
 10586 | D:9      | Killed a two-headed ogre
 10666 | D:9      | Found Otweuzoz's Weapon Shoppe.
 10668 | D:9      | Found a staircase to the Orcish Mines.
 10970 | D:9      | Found Ygaujuum's Antique Armour Emporium.
 11710 | D:9      | Reached skill level 1 in Translocations
 12291 | D:10     | Entered Level 10 of the Dungeon
 12365 | D:10     | Reached skill level 1 in Invocations
 12378 | D:10     | Noticed a cyclops
 12402 | D:10     | Killed a cyclops
 12403 | D:10     | Reached skill level 2 in Invocations
 12403 | D:10     | HP: 3/75 [wight/+3 long sword (15)]
 12551 | D:10     | Found a flagged portal.
 12564 | Bailey   | Entered a bailey
 12601 | Bailey   | Reached **** piety under Qazlal
 12602 | Bailey   | Reached skill level 3 in Invocations
 12606 | Bailey   | Noticed an orc knight
 12622 | Bailey   | Killed an orc knight
 12855 | Bailey   | Learned a level 4 spell: Fulminant Prism
 12859 | Bailey   | Learned a level 3 spell: Inner Flame
 12871 | Bailey   | Found a large runed translucent door.
 12871 | Bailey   | Found a large runed translucent door.
 12872 | Bailey   | Noticed a deep elf pyromancer
 12892 | Bailey   | Killed a deep elf pyromancer
 12893 | Bailey   | Reached skill level 4 in Invocations
 12893 | Bailey   | Reached XP level 11. HP: 84/84 MP: 17/21
 12910 | Bailey   | Identified the +4 ice dragon scales of Vexation {Rampage
                  | +Blink rF- rC++ Slay-3}
 13220 | D:10     | Found a stormy altar of Qazlal.
 13340 | D:10     | Noticed Nergalle
 13635 | D:11     | Reached skill level 5 in Invocations
 14113 | D:11     | Noticed a two-headed ogre
 14119 | D:11     | Killed a two-headed ogre
 14369 | D:12     | Noticed a purple ugly thing
 14379 | D:11     | Killed a purple ugly thing
 14380 | D:11     | Reached skill level 6 in Invocations
 15134 | D:12     | Noticed a boulder beetle
 15155 | D:12     | Killed a boulder beetle
 15156 | D:12     | Reached skill level 7 in Invocations
 15415 | D:12     | Learned a level 5 spell: Arcjolt
 15762 | D:12     | Noticed a two-headed ogre
 15768 | D:12     | Killed a two-headed ogre
 15769 | D:12     | Reached skill level 1 in Air Magic
 16416 | D:13     | Noticed a two-headed ogre
 16417 | D:13     | Noticed a deep elf pyromancer
 16420 | D:13     | Noticed a necromancer
 16422 | D:13     | Killed a deep elf pyromancer
 16422 | D:13     | Noticed a necromancer
 16425 | D:13     | Killed a necromancer
 16426 | D:13     | Killed a necromancer
 16426 | D:13     | Killed a two-headed ogre
 16427 | D:13     | Gained mutation: You have an extremely huge brain. (Int +4)
                  | [demonic ancestry]
 16427 | D:13     | Reached XP level 12. HP: 48/94 MP: 4/24
 16703 | D:13     | Reached skill level 8 in Invocations
 16804 | D:13     | Noticed a centaur warrior
 16960 | D:13     | Killed a centaur warrior
 17160 | D:13     | Noticed a boulder beetle
 17169 | D:13     | Killed a boulder beetle
 17330 | D:13     | Noticed a tengu warrior
 17337 | D:13     | Killed a tengu warrior
 17367 | D:13     | Reached skill level 5 in Translocations
 17379 | D:13     | Reached skill level 10 in Conjurations
 17599 | D:10     | Reached skill level 9 in Invocations
 17599 | D:10     | Killed Nergalle
 18047 | Lair:1   | Entered Level 1 of the Lair of Beasts
 18147 | Lair:1   | Found a transporter.
 18148 | Lair:1   | Found a transporter.
 18148 | Lair:1   | Noticed a boulder beetle
 18586 | Lair:1   | You are sucked into a shaft and drop 1 floor!
 18614 | Lair:2   | Noticed Harold
 18621 | Lair:2   | Killed Harold
 18837 | Lair:2   | Noticed a death yak
 18842 | Lair:2   | Noticed a death yak
 18844 | Lair:2   | Noticed a death yak
 18848 | Lair:2   | Killed a death yak
 18849 | Lair:2   | Reached skill level 1 in Fire Magic
 18849 | Lair:2   | Reached XP level 13. HP: 101/101 MP: 2/26
 19522 | Lair:2   | Found a staircase to the Swamp.
 19645 | Lair:2   | Found a shadowy altar of Dithmenos.
 20133 | Lair:2   | Noticed Urug
 20148 | Lair:2   | Killed Urug
 20562 | Lair:2   | Found a staircase to the Snake Pit.
 21268 | Lair:2   | Reached skill level 10 in Invocations
 21346 | Lair:3   | Noticed Sonja
 21350 | Lair:3   | Killed Sonja
 21578 | Lair:3   | Reached ***** piety under Qazlal
 21730 | Lair:3   | Noticed a minotaur
 21730 | Lair:3   | Noticed DemonSlayer's ghost (journeyman DsEE)
 21760 | Lair:3   | Found a runed translucent gate.
 21760 | Lair:3   | Found a runed translucent gate.
 21760 | Lair:3   | Found a runed translucent gate.
 21976 | Lair:4   | Reached skill level 5 in Air Magic
 22720 | Lair:4   | Reached skill level 10 in Fighting
 23085 | Lair:4   | Learned a level 5 spell: Yara's Violent Unravelling
 23856 | Lair:5   | Entered Level 5 of the Lair of Beasts
 23944 | Lair:4   | Reached skill level 1 in Transmutations
 24159 | Lair:5   | Gained mutation: You have claws for hands. [demonic
                  | ancestry]
 24159 | Lair:5   | Reached XP level 14. HP: 89/110 MP: 16/27
 24217 | Lair:5   | Reached skill level 11 in Invocations
 24434 | Lair:4   | Reached skill level 10 in Spellcasting
 25054 | Lair:5   | Noticed an azure jelly
 25064 | Lair:5   | Killed an azure jelly
 25065 | Lair:5   | Reached skill level 10 in Dodging
 25799 | Lair:5   | Identified the +6 scale mail of the Morning {rC++ Will+}
 25821 | Lair:5   | Found a staircase to the Slime Pits.
 25821 | Lair:5   | Found a viscous altar of Jiyva.
 26364 | Orc:1    | Entered Level 1 of the Orcish Mines
 26480 | Orc:1    | Paralysed by an orc sorcerer for 4 turns
 26891 | Orc:2    | Entered Level 2 of the Orcish Mines
 26891 | Orc:2    | Found a staircase to the Elven Halls.
 27737 | Orc:2    | Found Sodohimu's Book Emporium.
 27860 | Orc:2    | Bought a book of the Wilderness for 494 gold pieces
 27877 | Orc:2    | Found an ancient bone altar of Kikubaaqudgha.
 27880 | Orc:2    | Reached skill level 1 in Summonings
 27942 | Orc:2    | Reached ****** piety under Qazlal
 27953 | Orc:2    | Found Cied's Magic Scroll Emporium.
 27965 | Orc:2    | Found Geod Kiy's Jewellery Emporium.
 27973 | Orc:2    | Bought the ring "Vanuddy" {rF+ Will+} for 676 gold pieces
 27986 | Orc:2    | Bought a scroll of blinking for 112 gold pieces
 27986 | Orc:2    | Bought a scroll of summoning for 142 gold pieces
 27994 | Orc:2    | Found a radiant altar of Vehumet.
 28018 | Orc:2    | Found Ottav's Antique Armour Shoppe.
 28381 | D:12     | Learned a level 5 spell: Summon Forest
 28416 | D:13     | Found a gate to the Vaults.
 28595 | D:13     | Identified the ring "Nemyol" {rElec rF+ Str+5 Int+6}
 28602 | D:13     | Identified the +3 halberd of the Lesser Evil {holy, rElec
                  | Will+}
 29668 | D:14     | Reached skill level 5 in Summonings
 29880 | D:14     | Identified the +2 scale mail of the Pits of Slime {rN+
                  | SInv}
 30590 | D:15     | Entered Level 15 of the Dungeon
 30598 | D:15     | Gained mutation: Your presence sometimes corrodes those you
                  | injure. [demonic ancestry]
 30598 | D:15     | Reached XP level 15. HP: 117/117 MP: 15/29
 30877 | D:15     | Noticed Sabo's ghost (journeyman GrMo)
 31039 | D:15     | Found a transporter.
 31062 | D:15     | Found a transporter.
 31067 | D:15     | Found a one-way gate to the infinite horrors of the Abyss.
 31731 | D:15     | Found a staircase to the Depths.
 31992 | D:3      | Killed GloriousHammer's ghost
 32124 | D:5      | Killed Handcuff's ghost
 32537 | Lair:3   | Reached skill level 1 in Maces & Flails
 32544 | Lair:3   | Killed DemonSlayer's ghost
 32631 | Lair:3   | Reached skill level 5 in Axes
 32631 | Lair:3   | Gained mutation: Spells you cast may paralyse nearby
                  | enemies. [demonic ancestry]
 32631 | Lair:3   | Reached XP level 16. HP: 124/124 MP: 24/30
 32733 | Elf:1    | Entered Level 1 of the Elven Halls
 32769 | Elf:1    | Paralysed by an air elemental for 1 turns
 32772 | Elf:1    | Paralysed by an air elemental for 1 turns
 32850 | Elf:1    | Reached skill level 12 in Invocations
 33091 | Elf:1    | HP: 3/117 [+2 glaive of holy wrath (21)]
 33203 | Elf:1    | Paralysed by an air elemental for 1 turns
 33342 | Elf:1    | Found Orakkes's Distillery.
 33372 | Elf:1    | Bought a potion of berserk rage for 90 gold pieces
 33372 | Elf:1    | Bought a potion of might for 72 gold pieces
 33372 | Elf:1    | Bought a potion of invisibility for 144 gold pieces
 34221 | Elf:1    | Noticed Jorgrun
 34232 | Elf:1    | Killed Jorgrun
 34314 | Elf:1    | Got the Notes on Force
 34719 | Snake:1  | Entered Level 1 of the Snake Pit
 35169 | Snake:1  | Found a frozen archway.
 35204 | IceCv    | Entered an ice cave
 35223 | IceCv    | Reached skill level 5 in Maces & Flails
 35524 | IceCv    | Learned a level 5 spell: Summon Mana Viper
 36927 | Snake:1  | Reached XP level 17. HP: 103/132 MP: 12/32
 37098 | Snake:1  | Found a runed translucent gate.
 37098 | Snake:1  | Found a runed translucent gate.
 37098 | Snake:1  | Found a runed translucent gate.
 37099 | Snake:1  | Noticed salammoniac's ghost (journeyman DsEE)
 37319 | Snake:1  | Killed salammoniac's ghost
 37483 | Snake:2  | Reached skill level 5 in Transmutations
 37524 | Snake:2  | Reached skill level 13 in Invocations
 37864 | Snake:2  | Reached skill level 10 in Summonings
 39155 | Snake:3  | HP: 2/133 [salamander/+0 spear (18)]
 39155 | Snake:3  | Slain by a salamander

Illustrated notes

Levels and vault maps discovered:
D:1:      dpeg_arrival_shelter, layout_loops_cross, minmay_distorted
D:2:      layout_loops_ring, basic_altar, minmay_door_square,
          kennysheep_generic_room_11
D:3:      layout_rooms, ebering_ghost_disaster_area, serial_bayou_pond_d
D:4:      layout_gridville, portal_sewer_entry_d, st_stairs_1
D:5:      layout_layer_cave, mainiacjoe_overflow_catch_the_wave,
          hellmonk_ghost_happy_afterlife
D:6:      layout_basic, uniq_pikel
D:7:      layout_loops_ring, minmay_temple_entry_enclosed_plants
D:8:      layout_basic, nicolae_gozag_seed_capital, erik_lair_orcish_takeover
D:9:      layout_loops_cross, orc_david_3, serial_shops, nicolae_diamond_shop,
          hangedman_incinerator
D:10:     layout_cave_pools, nicolae_qazlal_style_of_elements, enter_bailey_6,
          serial_glass, glass_columns_b, glass_columns_a, uniq_nergalle
D:11:     layout_basic
D:12:     layout_layer_cave, kennysheep_generic_room_12
D:13:     minmay_shrinking_squares, layout_basic, david_vaults_1
D:14:     layout_loops_cross, serial_park_square2, kennysheep_decorative_pillar
D:15:     gammafunk_enter_depths_forms, layout_rooms,
          gammafunk_ghost_abyssal_escape, chequers_avenue
Lair:1:   gammafunk_boulding_lane, layout_regular_city, serial_forest,
          infiniplex_forest_clump_medium, infiniplex_forest_straight_5,
          infiniplex_forest_end_2, infiniplex_forest_end_1,
          infiniplex_forest_lined_room_2, infiniplex_forest_end_3,
          infiniplex_forest_clump_double, infiniplex_forest_corner_1
Lair:2:   layout_loops_ring, minmay_swamp_entry_swarm,
          minmay_snake_entry_guardpost_medium, lemuel_oklob_altar,
          serial_bayou_shore_b, uniq_harold, uniq_urug
Lair:3:   layout_regular_city, maelrawn_ghost_gauntlet_escape, basic_altar,
          grunt_forest_stairs_clearing, infiniplex_staircase_pool_2, uniq_sonja
Lair:4:   layout_long_grid, hangedman_lair_unloving_vines,
          grunt_forest_large_clearings
Lair:5:   minmay_lair_end_frog_pond, layout_hall_layers,
          nicolae_slime_entry_slimehenge, nicolae_lair_time_for_slime,
          serial_bayou_shore_b
Snake:1:  layout_grid_shapes, ebering_ghost_rock_garden,
          portal_ice_cave_entry_pillars_four, drop_trap, library_closet,
          guppyfry_library_mini
Snake:2:  layout_honeycomb
Snake:3:  layout_onion_interference
Orc:1:    layout_caves, minmay_orc_temple_b
Orc:2:    kennysheep_orc_mage_school, layout_diamond_mine
Elf:1:    eino_elf_arrival_sip, layout_gridlike, serial_shops,
          nicolae_shop_peninsula, minmay_elf_annihilation,
          roderic_lattice_octagonal_star, grunt_megastairs_5, uniq_jorgrun

Skill      XL: |  1  2  3  4  5  6  7  8  9 10 11 12 13 14 15 16 17 |
---------------+----------------------------------------------------+-----
Dodging        | 2 3 4 5 6 7 8 9 10 | 10.2
Stealth        | 2 3 |  3.0
Spellcasting   | 3 4 5 6 7 8 9 10 11 | 11.4
Fighting       | 1 2 3 4 6 7 8 9 10 11 12 | 12.0
Armour         | 1 |  1.6
Hexes          | 1 2 4 5 |  5.0
Conjurations   | 5 6 7 8 9 10 11 | 11.6
Translocations | 2 4 5 |  5.0
Invocations    | 4 7 9 10 11 12 13 | 13.5
Air Magic      | 1 4 5 6 |  6.4
Fire Magic     | 1 3 |  3.0
Transmutations | 1 3 4 5 |  5.0
Summonings     | 6 9 10 | 10.3
Maces & Flails | 1 5 7 |  7.0
Axes           | 5 |  5.0

Action                     |  1- 3 |  4- 6 |  7- 9 | 10-12 | 13-15 | 16-18 || total
---------------------------+-------+-------+-------+-------+-------+-------++-------
  Melee: Dagger            |    43 |    10 |    20 |    65 |       |       ||   138
         Punch             |     1 |       |       |       |       |       ||     1
         Staff             |       |    26 |    18 |    10 |       |       ||    54
         War axe           |       |       |       |    40 |   207 |       ||   247
         Eveningstar       |       |       |       |       |       |   196 ||   196
  Throw: Throwing net      |       |       |       |     3 |       |       ||     3
         Dart              |       |       |       |       |     1 |       ||     1
   Cast: Magic Dart        |    17 |    50 |    45 |   110 |    44 |    10 ||   276
         Searing Ray       |    20 |    27 |    72 |   105 |    78 |    11 ||   313
         Dazzling Flash    |       |     1 |       |    13 |     1 |       ||    15
         Inner Flame       |       |       |       |    34 |    54 |    31 ||   119
         Fulminant Prism   |       |       |       |    16 |    18 |     2 ||    36
         Iskenderun's Myst |       |       |       |    14 |    71 |    13 ||    98
         Arcjolt           |       |       |       |     5 |    76 |     7 ||    88
         Yara's Violent Un |       |       |       |       |    22 |    19 ||    41
         Summon Forest     |       |       |       |       |     5 |    17 ||    22
         Summon Mana Viper |       |       |       |       |       |    19 ||    19
 Invoke: Upheaval          |       |       |       |     2 |       |     1 ||     3
         Elemental Force   |       |       |       |     3 |       |     4 ||     7
         Disaster Area     |       |       |       |       |     1 |     3 ||     4
  Evoke: Wand              |       |       |       |     7 |       |     6 ||    13
         Phantom mirror    |       |       |       |       |       |     1 ||     1
    Use: Potion            |       |     1 |       |     1 |     5 |     8 ||    15
         Scroll            |       |     7 |    12 |    10 |    10 |     6 ||    45
   Stab: Sleeping          |     1 |     1 |       |       |       |       ||     2
         Paralysed         |       |     8 |     5 |    23 |    43 |     1 ||    80
         Invisible         |       |       |       |     4 |       |       ||     4
         Distracted        |       |       |       |     1 |       |     5 ||     6
 Armour: Robe              |    12 |     7 |    17 |    46 |    89 |    46 ||   217
  Dodge: Dodged            |    28 |    26 |    68 |   233 |   313 |   158 ||   826
         Repelled          |       |       |       |     7 |     8 |    19 ||    34
  Block: Orb               |       |     2 |    10 |    69 |   146 |    68 ||   295
